 Dungeon Crawl Stone Soup version 0.30-a0-23-ge60ba3568b (webtiles) character file.

Game seed: 5224655539818697600

732 captainnarwhal the Conjurer (level 8, -3/52 HPs)
             Began as a Human Conjurer on Aug 25, 2022.
             Slain by an orc warrior
             ... wielding a +0 battleaxe
              (8 damage)
             ... on level 6 of the Dungeon.
             The game lasted 00:31:21 (7058 turns).

captainnarwhal the Conjurer (Human Conjurer)        Turns: 7058, Time: 00:31:24

Health: -3/52      AC: 10    Str:  8    XL:     8   Next: 3%
Magic:  3/15       EV: 10    Int: 20    God:
Gold:   188        SH:  0    Dex: 12    Spells: 12/17 levels left

rFire   x . .      SeeInvis .    c - +0 rapier
rCold   + . .      Faith    .    (no shield)
rNeg    . . .      Spirit   .    j - +5 ring mail
rPois   .          Reflect  .    (no helmet)
rElec   .          Harm     .    (no cloak)
rCorr   .          Rampage  .    (no gloves)
Will    .....                    (no boots)
Stlth   +.........               (no amulet)
HPRegen 0.17/turn                l - ring of ice
MPRegen 0.14/turn                (no ring)

@: no status effects
A: no striking features
a: no special abilities


You were on level 6 of the Dungeon.
You visited 1 branch of the dungeon, and saw 6 of its levels.

You collected 188 gold pieces.

Inventory:

Hand Weapons
 b - a +0 long sword
 c - a +0 rapier (weapon)
Missiles
 d - 59 stones
 r - a throwing net
Armour
 a - a +0 robe
 j - a +5 ring mail (worn)
Jewellery
 l - a ring of ice (left hand)
Wands
 u - a wand of charming (8)
 x - a wand of quicksilver (12)
Scrolls
 h - a scroll of amnesia {unknown}
 i - a scroll of silence {unknown}
 m - a scroll of enchant armour
 p - 4 scrolls of poison
 q - 3 scrolls of teleportation {unknown}
 s - 2 scrolls of immolation {unknown}
 v - a scroll of vulnerability {unknown}
Potions
 e - 3 potions of flight
 f - 2 potions of curing {unknown}
 g - a potion of ambrosia {unknown}
 k - 2 potions of brilliance
 n - a potion of cancellation {unknown}
 o - 2 potions of mutation {unknown}
 t - 2 potions of berserk rage
 w - a potion of heal wounds {unknown}


   Skills:
 - Level 0.2 Fighting
 - Level 1.0 Short Blades
 - Level 0.2 Armour
 - Level 2.3 Dodging
 - Level 2.1 Stealth
 * Level 5.1 Spellcasting
 * Level 7.2 Conjurations
 + Level 0.2 Evocations


You had 12 spell levels left.
You knew the following spells:

 Your Spells              Type           Power      Damage    Failure   Level
a - Magic Dart            Conj           100%       1d8       1%          1
b - Searing Ray           Conj           66%        2d6       2%          2
c - Blink                 Tloc           10%        N/A       47%         2

Your spell library contained the following spells:

 Spells                   Type           Power      Damage    Failure   Level
 Dazzling Flash           Conj/Hex       38%        N/A       24%         3
 Fulminant Prism          Conj/Hex       9%         3d7       63%         4
 Iskenderun's Mystic Bla  Conj/Tloc      19%        2d6       63%         4
 Lesser Beckoning         Tloc           5%         N/A       71%         3
 Manifold Assault         Tloc           5%         N/A       100%        5


Dungeon Overview and Level Annotations

Branches:
Dungeon (6/15)
 Temple: D:4-7

Altars:
Ashenzari
Gozag
Trog
Uskayaw
The Shining One

Shops:
D:1 :


Message History

Aim: an orc priest, wielding a +0 short sword and wearing a +0 leather armour (100% to hit)
The magic dart hits the orc priest.
The orc priest is lightly wounded.
Aiming: Searing Ray (safe; 3% risk of failure)
Press: ? - help, Q - select action, (/) - cycle Shift-Dir - straight line, f/p - orc priest
Aim: an orc priest, wielding a +0 short sword and wearing a +0 leather armour (lightly wounded, 81% to hit)
The searing ray hits the orc priest.
The orc priest is heavily wounded. (Press . to maintain the ray.)
The searing ray hits the orc priest.
The orc priest is almost dead.
The searing ray hits the orc priest.
You kill the orc priest!
The searing ray misses the orc warrior.
You have reached level 8!
You feel stronger.
Restarting spell: Searing Ray (safe; 2% risk of failure)
Press: ? - help, Q - select action, (/) - cycle Shift-Dir - straight line, f - orc warrior
Aim: an orc warrior, wielding a +0 battleaxe and wearing a +0 plate armour (81% to hit)
The searing ray hits the orc warrior.
The orc warrior is lightly wounded. (Press . to maintain the ray.)
The searing ray misses the orc warrior.
The orc warrior hits you with a +0 battleaxe!
The searing ray hits the orc warrior but does no damage.
The orc warrior is lightly wounded.
The orc warrior hits you with a +0 battleaxe!
The searing ray misses the orc warrior.
You finish channelling your searing ray.
The orc warrior hits you with a +0 battleaxe!
* * * LOW HITPOINT WARNING * * *
The orc warrior attacks as you move away!
The orc warrior hits you with a +0 battleaxe.
* * * LOW HITPOINT WARNING * * *
Aiming: Charm
Press: ? - help, Shift-Dir - straight line, f/p - orc warrior
Aim: an orc warrior, wielding a +0 battleaxe and wearing a +0 plate armour (lightly wounded, chance to affect: 49%)
The orc warrior resists with some effort.
The orc warrior hits you with a +0 battleaxe!
You die...

#....#...##.#
#....#.#.##.#
#..).#.#.##.#
....#.#.##.#
...#.#.##.##
#.)#.#.....# #
#..#.#######
#.######o#.#
.#.......@#.#
.......)..#.#
..........#.######
########..#......#
.. #..######.#
#####.#..# #.#
.........# #.#
#####.##.# #.# #.
#.# #.#


You could see an orc warrior.

Vanquished Creatures
  An ice beast (D:5)
  An ogre (D:6)
  A centaur (D:5)
  A necrophage (D:5)
  A scorpion (D:4)
  A vampire bat (D:3)
  3 hounds (D:5)
  An orc priest (D:6)
  3 orc wizards (D:5)
  5 adders
  An ufetubus (D:4)
  2 worms (D:4)
  A dart slug (D:2)
  5 orcs
  3 ball pythons
  11 bats
  3 endoplasms
  A giant cockroach (D:1)
  3 hobgoblins
  2 jackals (D:2)
  4 kobolds
  7 quokkas
  3 frilled lizards
  5 goblins
  4 rats
73 creatures vanquished.

Vanquished Creatures (collateral kills)
  An orc (D:5)
1 creature vanquished.

Vanquished Creatures (others)
  An orc priest (D:5)
  An orc (D:5)
2 creatures vanquished.

Grand Total: 76 creatures vanquished

Notes
Turn   | Place    | Note
-------+----------+-------------------------------------------
     0 | D:1      | captainnarwhal the Human Conjurer began the quest for the
                  | Orb.
     0 | D:1      | Reached XP level 1. HP: 13/13 MP: 3/3
   123 | D:1      | Found a faded altar of an unknown god.
   440 | D:1      | Reached XP level 2. HP: 18/19 MP: 0/5
   489 | D:1      | Learned a level 2 spell: Searing Ray
  1207 | D:1      | Found Roufykk's Book Shop.
  1524 | D:2      | Reached XP level 3. HP: 24/24 MP: 0/6
  1596 | D:2      | Found a glowing golden altar of the Shining One.
  2029 | D:2      | Reached XP level 4. HP: 24/30 MP: 2/7
  2768 | D:3      | Found a hide-covered altar of Uskayaw.
  2798 | D:3      | Found a bloodstained altar of Trog.
  2818 | D:3      | Reached skill level 1 in Short Blades
  3779 | D:3      | Reached skill level 5 in Conjurations
  3779 | D:3      | Reached XP level 5. HP: 32/35 MP: 4/9
  4233 | D:4      | Found an opulent altar of Gozag.
  4590 | D:4      | Reached XP level 6. HP: 41/41 MP: 6/11
  4668 | D:4      | Learned a level 2 spell: Blink
  5383 | D:5      | Entered Level 5 of the Dungeon
  5423 | D:5      | Noticed an ice beast
  5438 | D:5      | Killed an ice beast
  5439 | D:5      | Reached skill level 6 in Conjurations
  5721 | D:5      | Reached XP level 7. HP: 34/46 MP: 2/13
  6155 | D:5      | Reached skill level 7 in Conjurations
  6252 | D:5      | Found a broken altar of Ashenzari.
  6833 | D:6      | Reached skill level 5 in Spellcasting
  7053 | D:6      | Reached XP level 8. HP: 45/52 MP: 8/15
  7058 | D:6      | Slain by an orc warrior

Illustrated notes

Levels and vault maps discovered:
D:1:      elethiomel_arrival_maze, layout_basic, serial_shops,
          nicolae_shop_advertising_works [nicolae_subvault_shop_adworks],
          shapermc_ecumenical_altar_totnotflames, minmay_surrounded
D:2:      layout_basic, basic_altar
D:3:      layout_basic, mainiacjoe_overflow_small_starburst,
          eat_drink_and_be_merry_uskayaw, serial_forest,
          infiniplex_forest_clump_long, infiniplex_forest_end_1,
          infiniplex_forest_straight_5, infiniplex_forest_corner_2,
          infiniplex_forest_clump_medium, infiniplex_forest_lined_2,
          infiniplex_forest_side_room, infiniplex_forest_corner_2,
          roderic_batcave
D:4:      layout_basic, mainiacjoe_overflow_brackets
D:5:      cheibrodos_quashed, layout_loops_ring, ashenzari_altar_1
D:6:      layout_basic, old_standard_altar, minmay_between, uniq_sigmund,
          uniq_menkaure

Skill      XL: |  1  2  3  4  5  6  7 |
---------------+----------------------+-----
Short Blades   | 1 |  1.0
Conjurations   | 5 6 7 |  7.2
Spellcasting   | 3 4 5 |  5.1
Fighting       | |  0.2
Armour         | |  0.2
Dodging        | |  2.3
Stealth        | |  2.1
Evocations     | |  0.2

Action                   |  1- 3 |  4- 6 |  7- 9 || total
-------------------------+-------+-------+-------++-------
Melee: Rapier            |    56 |    35 |    13 ||   104
       Punch             |     1 |       |       ||     1
 Cast: Magic Dart        |    18 |    64 |    20 ||   102
       Searing Ray       |     8 |     8 |     8 ||    24
       Blink             |       |     1 |       ||     1
Evoke: Wand              |       |     3 |     1 ||     4
  Use: Potion            |     1 |       |     1 ||     2
       Scroll            |       |     8 |     1 ||     9
Armor: Robe              |     3 |       |       ||     3
       Ring mail         |    19 |    33 |    16 ||    68
Dodge: Dodged            |    56 |    39 |    13 ||   108

Table legend: (Time is in decaauts)
 A = Elapsed time spent in this place.
 B = Non-inter-level travel time spent in this place.
 C = Inter-level travel time spent in this place.
 D = Time resting spent in this place.
 E = Time spent auto-exploring this place.
 F = Levels seen in this place.
 G = Mean time per level.
                   A        B        C        D        E       F      G
               +--------+--------+--------+--------+--------+-----+--------+
         Total |   7074 |   6966 |    108 |   1268 |   4140 |   6 | 1179.0 |
       Dungeon |   7074 |   6966 |    108 |   1268 |   4140 |   6 | 1179.0 |
               +--------+--------+--------+--------+--------+-----+--------+

Top non-repeatable levels by time:
     D:1: 1494 daAuts
     D:5: 1450 daAuts
     D:3: 1346 daAuts
     D:4: 1283 daAuts
     D:2: 1269 daAuts
     D:6: 229 daAuts
